 Dungeon Crawl Stone Soup version 0.25-a0-634-gd1561dc703 (webtiles) character file.

Game seed: 4200515286373125033, levelgen mode: deterministic

227 DasRunzen the Poker (level 5, -1/46 HPs)
             Began as a Draconian Gladiator on Mar 20, 2020.
             Slain by Robin
             ... wielding a +0 spear
              (2 damage)
             ... on level 3 of the Dungeon.
             The game lasted 00:05:04 (2071 turns).

DasRunzen the Poker (Draconian Gladiator)           Turns: 2071, Time: 00:05:04

Health: -1/46      AC:  8    Str: 17    XL:     5   Next: 70%
Magic:  8/8        EV: 13    Int:  9    God:
Gold:   144        SH:  3    Dex: 12    Spells: 8/8 levels left

rFire    . . .     SeeInvis .   a - +0 trident
rCold    . . .     Gourm    .   h - +0 buckler
rNeg     + . .     Faith    .   (armour unavailable)
rPois    .         Spirit   .   b - +1 hat
rElec    .         Reflect  .   n - +0 cloak (curse)
rCorr    .         Harm     .   e - +0 pair of gloves
MR       .....                  (no boots)
Stlth    +.........             (no amulet)
HPRegen  0.15/turn              i - ring of positive energy
MPRegen  0.11/turn              (no ring)

@: flying, starving
A: unfitting armour, cold-blooded, AC +5
a: no special abilities


You were on level 3 of the Dungeon.
You were starving.

You visited 1 branch of the dungeon, and saw 3 of its levels.

You collected 144 gold pieces.

Inventory:

Hand Weapons
 a - a +0 trident (weapon)
Missiles
 c - 3 throwing nets (quivered)
Armour
 b - a +1 hat (worn)
 e - a +0 pair of gloves (worn)
 h - a +0 buckler (worn)
 n - a cursed +0 cloak (worn)
Jewellery
 i - a ring of positive energy (left hand)
 l - an uncursed ring of ice
Scrolls
 j - a scroll of remove curse
 k - 2 scrolls of identify
Potions
 f - a potion of invisibility
 g - a potion of flight
 m - a potion of haste {unknown}
Comestibles
 d - 6 rations


   Skills:
 + Level 3.7 Fighting
 + Level 4.0 Polearms
 - Level 1.7 Throwing
 + Level 3.6 Dodging
 + Level 1.2 Shields
 + Level 2.1 Spellcasting


You had 8 spell levels left.
You didn't know any spells.
Your spell library was empty.

Dungeon Overview and Level Annotations

Branches:
Dungeon (3/15)

Altars:
Xom

Annotations:
D:3 Robin


Innate Abilities, Weirdness & Mutations

Your plain brown scales are hard. (AC +5)
You cannot fit into any form of body armour.
You are cold-blooded and may be slowed by cold attacks.


Message History

The hobgoblin hits you but does no damage.
The goblin hits you but does no damage. Robin barely misses you.
It was a potion of flight.
You feel very buoyant.
You fly up into the air.
The goblin no longer looks unusually strong.
The hobgoblin closely misses you. The goblin closely misses you.
Robin's bangles clink loudly.
Robin roars a battlecry!
The goblin goes into a battle-frenzy!
You hit the goblin.
You kill the goblin!
The hobgoblin hits you but does no damage.
Robin hits you but does no damage.
You barely miss the hobgoblin.
The hobgoblin is heavily wounded.
The hobgoblin hits you with a +0 club!
* * * LOW HITPOINT WARNING * * *
Robin hits you from afar with a +0 spear.
You die...

#...# #...# #...#
##...# ## ##.#...#
#.. #..#...# #.)
#.##...# ###..
#..##'## #+# ....
#.)@gg# #.# #..
#.##### #.# #.. #.#
#.# ##.. #.#
##.#####...
#.########...##.....
#...............#.##
##########...####.#
##.## #.# #..####.##


You could see Robin and a hobgoblin.

Vanquished Creatures
  An orc priest (D:3)
  An orc wizard (D:3)
  3 gnolls (D:3)
  3 adders
  2 oozes
  4 dart slugs
  5 leopard geckos
  8 orcs (D:3)
  2 giant cockroaches (D:2)
  13 goblins
  9 hobgoblins
  A quokka (D:2)
  12 bats
  8 frilled lizards
  6 kobolds
  12 rats
90 creatures vanquished.

Notes
Turn   | Place    | Note
-------+----------+-------------------------------------------
     0 | D:1      | DasRunzen the Draconian Gladiator began the quest for the
                  | Orb.
     0 | D:1      | Reached XP level 1. HP: 17/17 MP: 1/1
     3 | D:1      | Noticed an electric eel
     3 | D:1      | Noticed an electric eel
   137 | D:1      | Reached XP level 2. HP: 21/25 MP: 2/2
   375 | D:1      | Reached skill level 1 in Spellcasting
   715 | D:1      | Reached XP level 3. HP: 30/30 MP: 4/4
  1050 | D:2      | Reached XP level 4. HP: 31/38 MP: 6/6
  1463 | D:3      | Reached XP level 5. HP: 33/45 MP: 7/7
  1546 | D:3      | Found a shimmering altar of Xom.
  1652 | D:3      | Reached skill level 1 in Shields
  1656 | D:3      | Reached skill level 4 in Polearms
  2029 | D:3      | Noticed Robin
  2071 | D:3      | HP: 1/46 [hobgoblin/+0 club[Robin] (7)]
  2071 | D:3      | Slain by Robin

Levels and vault maps discovered:
D:1:      arrival_aquarium_b, layout_basic, st_stairs_14
D:2:      layout_basic
D:3:      layout_loops_ring, marbit_many_paths, first_ration, nrook_uturn,
          uniq_robin

Skill      XL: |  1  2  3  4  5 |
---------------+----------------+-----
Dodging        | 3 |  3.6
Spellcasting   | 1 2 |  2.1
Fighting       | 3 |  3.7
Shields        | 1 |  1.2
Polearms       | 4 |  4.0
Throwing       | |  1.7

Action                   |  1- 3 |  4- 6 || total
-------------------------+-------+-------++-------
Melee: Trident           |   110 |   155 ||   265
       Tailslap          |     7 |    20 ||    27
  Use: Scroll            |     4 |     4 ||     8
       Potion            |       |     1 ||     1
 Stab: Sleeping          |     4 |     2 ||     6
  Eat: Chunk             |       |     2 ||     2
Armor: Skin              |    19 |    46 ||    65
Dodge: Dodged            |    47 |    66 ||   113
Block: Buckler           |     6 |    23 ||    29

Table legend:
 A = Non-vault XP
 B = Vault XP
 C = Vault XP percentage of total XP
 D = Non-vault monster count
 E = Vault monster count
 F = Vault count percentage of total count
                 A         B        C        D         E       F
            +---------+---------+-------+---------+---------+-------
      Total |     298 |      27 |   8.3 |      76 |      14 |  15.6
            +---------+---------+-------+---------+---------+-------
        D:1 |      34 |       7 |  17.1 |      20 |       3 |  13.0
        D:2 |      60 |       0 |   0.0 |      24 |       0 |   0.0
        D:3 |     204 |      20 |   8.9 |      32 |      11 |  25.6
            +---------+---------+-------+---------+---------+-------
